 Dungeon Crawl Stone Soup version 0.22-a0-776-ge6d7efa (webtiles) character file.

91 iamserjio the Bolt Thrower (level 4, -2/40 HPs)
             Began as a Naga Hunter on July 18, 2018.
             Slain by Grinder (6 damage)
             ... on level 3 of the Dungeon.
             The game lasted 00:04:29 (1768 turns).

iamserjio the Bolt Thrower (Naga Hunter)            Turns: 1768, Time: 00:04:30

Health: -2/40      AC:  4    Str: 19    XL:     4   Next: 59%
Magic:  4/4        EV:  9    Int: 12    God:
Gold:   106        SH:  0    Dex: 12    Spells: 3/3 levels left

rFire    + . .     SeeInvis +   h - +0 mace (holy)
rCold    + . .     Gourm    .   (no shield)
rNeg     . . .     Faith    .   c - +0 leather armour
rPois    +         Spirit   .   e - +0 helmet
rElec    +         Reflect  .   (no cloak)
rCorr    +         Harm     .   x - +0 pair of gloves
MR       .....                  (no barding)
Stlth    ++........             (no amulet)
HPRegen  0.13/turn              o - ring of flight
MPRegen  0.09/turn              (no ring)

@: mighty, short of breath, resistant, very slow
A: large, see invisible, deformed body, poison resistance, slowness 2, slow
metabolism 1, spit poison 1, AC +1
a: Spit Poison, Evoke Flight


You were on level 3 of the Dungeon.
You were not hungry.

You visited 1 branch of the dungeon, and saw 3 of its levels.

You collected 106 gold pieces.

Inventory:

Hand Weapons
 a - a +1 hand crossbow
 b - a +0 short sword
 h - a +0 mace of holy wrath (weapon)
Missiles
 g - 25 stones (quivered)
Armour
 c - a +0 leather armour (worn)
 e - a +0 helmet (worn)
 p - a +0 scale mail
 x - a +0 pair of gloves (worn)
Jewellery
 o - a ring of flight (left hand)
 A - an uncursed ring of ice {unknown}
Scrolls
 j - 2 scrolls of identify {@r1}
 r - 2 scrolls of remove curse {unknown}
 t - 3 scrolls of teleportation {unknown}
 v - 2 scrolls of fog {unknown}
 y - a scroll of immolation {unknown}
Potions
 i - a potion of heal wounds {unknown}
 k - 2 potions of curing {@q1}
 l - a potion of lignification {unknown}
 m - a potion of flight {unknown}
 n - a potion of might
 q - a potion of ambrosia {unknown}
 s - a potion of experience {unknown}
 u - a potion of agility {unknown}
Comestibles
 f - a ration
 z - 2 chunks of flesh


   Skills:
 + Level 2.8 Fighting
 * Level 4.5 Crossbows
 - Level 1.5 Dodging
 + Level 3.5 Stealth


You had 3 spell levels left.
You didn't know any spells.
Your spell library was empty.

Dungeon Overview and Level Annotations

Branches:
Dungeon (3/15)

Altars:
Gozag

Annotations:
D:3 Grinder


Innate Abilities, Weirdness & Mutations

You cannot wear boots.
Your serpentine skin is tough. (AC +1)
You have supernaturally acute eyesight. (SInv)
Armour fits poorly on your strangely shaped body.
Your system is resistant to poisons. (rPois)
You cover ground very slowly.
You have a slow metabolism.
You can spit poison.


Message History

Grinder hits you!
* * * LOW HITPOINT WARNING * * *
You writhe in agony.
* * * LOW HITPOINT WARNING * * *
Grinder hits you!
* * * LOW HITPOINT WARNING * * *
You feel better. Grinder gestures at you.
You suddenly lose the ability to move!
Grinder gestures at you.
You struggle to resist.
Grinder hits you.
* * * LOW HITPOINT WARNING * * *
You writhe in agony.
* * * LOW HITPOINT WARNING * * *
You can move again.
It was a potion of resistance.
You feel protected. Grinder hits you.
You die...

####### . #.....#
(...###########.....#####
(.(..((.@5(..............
(...###########.....#....
. ########.....#....
.............###'#
##########..## #.# ##.#
#.# #######.####.#
.............#
#######.######


You could see Grinder.

Vanquished Creatures
  3 gnolls (D:2)
  An adder (D:2)
  2 worms (D:2)
  2 dart slugs (D:1)
  A leopard gecko (D:1)
  A ball python (D:3)
  7 bats
  3 giant cockroaches
  3 goblins
  7 hobgoblins
  3 kobolds
  2 frilled lizards
  11 rats
46 creatures vanquished.

Notes
Turn   | Place    | Note
-------+----------+-------------------------------------------
     0 | D:1      | iamserjio the Naga Hunter began the quest for the Orb.
     0 | D:1      | Reached XP level 1. HP: 19/19 MP: 1/1
   164 | D:1      | Reached XP level 2. HP: 26/26 MP: 2/2
   406 | D:1      | Reached skill level 4 in Crossbows
   609 | D:1      | Reached XP level 3. HP: 33/33 MP: 3/3
   780 | D:2      | Reached XP level 4. HP: 40/40 MP: 4/4
  1674 | D:3      | Found an opulent altar of Gozag.
  1740 | D:3      | Noticed Grinder
  1764 | D:3      | HP: 1/40 [Grinder (8)]
  1765 | D:3      | Paralysed by Grinder for 3 turns
  1768 | D:3      | Slain by Grinder

Vault maps used:
D:1:      dpeg_arrival_ratfight
D:2:      nrook_mini_vaults
D:3:      grunt_temple_overflow_open, nicolae_overflow_hidden_temple,
          nicolae_gozag_seed_capital, uniq_grinder

Skill      XL: |  1  2  3 |
---------------+----------+-----
Stealth        | 2 3 |  3.5
Crossbows      | 4 |  4.5
Fighting       | |  2.8
Dodging        | |  1.5

Action                   |  1- 3 |  4- 6 || total
-------------------------+-------+-------++-------
Melee: Mace              |       |     4 ||     4
 Fire: Hand crossbow     |    56 |    47 ||   103
Throw: Stone             |       |     2 ||     2
 Abil: Spit Poison       |       |     3 ||     3
  Use: Potion            |       |     3 ||     3
       Scroll            |       |     2 ||     2
  Eat: Chunk             |       |     2 ||     2
Armor: Leather armour    |     3 |     6 ||     9
Dodge: Dodged            |     4 |     8 ||    12

Table legend:
 A = Spawn XP
 B = Non-spawn XP
 C = Spawn XP percentage of total XP
 D = Spawn monster count
 E = Non-spawn monster count
 F = Spawn count percentage of total count
 G = Total turns spent on level
                    A         B        C        D         E        F      G
               +---------+---------+-------+---------+---------+-------+---------
         Total |       0 |     131 |   0.0 |       0 |      46 |   0.0 |  1768
               +---------+---------+-------+---------+---------+-------+---------
           D:1 |       0 |      40 |   0.0 |       0 |      23 |   0.0 |   677
           D:2 |       0 |      83 |   0.0 |       0 |      18 |   0.0 |   952
           D:3 |       0 |       8 |   0.0 |       0 |       5 |   0.0 |   139
               +---------+---------+-------+---------+---------+-------+---------
